| TOP OF THE 1ST |
|
Beloit Snappers batting - Pitching for Quad Cities River Bandits : RHP Gabe Torres
|
|
Pitching: RHP Gabe Torres
|
|
|
Batting: RHB Chris Bohm
|
0-0: Bunt for hit to 3S - play at first, batter OUT! 3-4
|
|
Batting: LHB Jeremy Brammer
|
0-0: Ground out 4-3 (Groundball, 34D, EV 97.5 MPH)
|
|
Batting: RHB Shannon Beck
|
0-0: Swinging Strike 0-1: Ball 1-1: Ball 2-1: Foul Ball, location: 2F 2-2: Foul Ball, location: 2F 2-2: Strikes out looking
|
| Top of the 1st over - 0 runs, 0 hits, 0 errors, 0 left on base; Beloit 0 - Quad Cities 0 |
| BOTTOM OF THE 1ST |
|
Quad Cities River Bandits batting - Pitching for Beloit Snappers : RHP Jon Hollman
|
|
Pitching: RHP Jon Hollman
|
|
|
Batting: RHB Sean Mounts
|
0-0: Ball 1-0: Fly out, F9 (Flyball, 89S, EV 85.6 MPH)
|
|
Batting: LHB Kelvin Jones
|
0-0: Ball 1-0: Called Strike 1-1: Swinging Strike 1-2: Ball 2-2: Strikes out swinging
|
|
Batting: LHB Danny Wolver
|
0-0: Called Strike 0-1: Called Strike 0-2: Ball 1-2: Foul Ball, location: 2F 1-2: Foul Ball, location: 2F 1-2: Foul Ball, location: 2F 1-2: Ground out 5-3 (Groundball, 56, EV 100.6 MPH)
|
| Bottom of the 1st over - 0 runs, 0 hits, 0 errors, 0 left on base; Beloit 0 - Quad Cities 0 |
| TOP OF THE 2ND |
|
Beloit Snappers batting - Pitching for Quad Cities River Bandits : RHP Gabe Torres
|
|
Batting: LHB Chance Stever
|
0-0: Ball 1-0: Foul Ball, location: 2F 1-1: Ball 2-1: Ball 3-1: Ground out U3 (Groundball, 34S, EV 91.9 MPH)
|
|
Batting: RHB Emiel Schlepers
|
0-0: Ball 1-0: Ball 2-0: DOUBLE (Groundball, 5L, EV 102.5 MPH)
|
|
Pinch Runner at 2nd Jose Mojica:
|
|
|
Batting: RHB Don Burt
|
0-0: Called Strike 0-1: Ball 1-1: Fly out, F4 (Line Drive, 4, EV 63.1 MPH)
|
|
Batting: RHB Jamie Jennings
|
0-0: Called Strike 0-1: Ball 1-1: Fly out, F8 (Flyball, 78M, EV 93.1 MPH)
|
| Top of the 2nd over - 0 runs, 1 hit, 0 errors, 1 left on base; Beloit 0 - Quad Cities 0 |
| BOTTOM OF THE 2ND |
|
Quad Cities River Bandits batting - Pitching for Beloit Snappers : RHP Jon Hollman
|
|
Now at SS: Jose Mojica
|
|
|
Batting: LHB Aldo Kok
|
0-0: Ground out 6-3 (Groundball, 6, EV 82.5 MPH)
|
|
Batting: LHB Daigo Ishii
|
0-0: Ball 1-0: Ground out 6-3 (Groundball, P, EV 78.1 MPH)
|
|
Batting: RHB Tim Persson
|
0-0: Ground out 3-1 (Groundball, 34S, EV 91.9 MPH)
|
| Bottom of the 2nd over - 0 runs, 0 hits, 0 errors, 0 left on base; Beloit 0 - Quad Cities 0 |
| TOP OF THE 3RD |
|
Beloit Snappers batting - Pitching for Quad Cities River Bandits : RHP Gabe Torres
|
|
Batting: RHB Clay Statum
|
0-0: Ball 1-0: Ball 2-0: Swinging Strike 2-1: Ball 3-1: Base on Balls
|
|
Batting: RHB Josh Lykins
|
0-0: Swinging Strike 0-1: Swinging Strike 0-2: Ball 1-2: Ground out 4-3 (Groundball, 4M, EV 102.5 MPH) Clay Statum to second
|
|
Batting: RHB Chris Bohm
|
0-0: Swinging Strike 0-1: Foul Ball, location: 2F 0-2: Strikes out looking
|
|
Batting: LHB Jeremy Brammer
|
0-0: Ball 1-0: Called Strike 1-1: Swinging Strike 1-2: Foul Ball, location: 2F 1-2: Ball 2-2: Foul Ball, location: 2F 2-2: Ball 3-2: Base on Balls
|
|
Batting: RHB Shannon Beck
|
0-0: Ball 1-0: Called Strike 1-1: Swinging Strike 1-2: Fielders Choice at 2nd, 6-4 (Groundball, 6, EV 80.0 MPH)
|
| Top of the 3rd over - 0 runs, 0 hits, 0 errors, 2 left on base; Beloit 0 - Quad Cities 0 |
| BOTTOM OF THE 3RD |
|
Quad Cities River Bandits batting - Pitching for Beloit Snappers : RHP Jon Hollman
|
|
Batting: LHB Fernando Gomez
|
0-0: Ground out U3 (Groundball, 3, EV 109.4 MPH)
|
|
Batting: RHB Reginald McDougall
|
0-0: Called Strike 0-1: Ground out 4-3 (Groundball, 4, EV 101.9 MPH)
|
|
Batting: RHB Lee Wright
|
0-0: Ball 1-0: Fly out, F8 (Line Drive, 8LM, EV 100.6 MPH)
|
| Bottom of the 3rd over - 0 runs, 0 hits, 0 errors, 0 left on base; Beloit 0 - Quad Cities 0 |
| TOP OF THE 4TH |
|
Beloit Snappers batting - Pitching for Quad Cities River Bandits : RHP Gabe Torres
|
|
Batting: LHB Chance Stever
|
0-0: Called Strike 0-1: SINGLE (Groundball, 56D, EV 98.8 MPH)
|
|
Batting: LHB Jose Mojica
|
0-0: SINGLE (Groundball, 4MD, EV 95.0 MPH) Chance Stever to second
|
|
Batting: RHB Don Burt
|
0-0: DOUBLE (Line Drive, 89D, EV 111.2 MPH) Chance Stever scores Jose Mojica to third
|
|
Batting: RHB Jamie Jennings
|
0-0: Ball 1-0: Called Strike 1-1: Ball 2-1: Called Strike 2-2: Strikes out swinging
|
|
Batting: RHB Clay Statum
|
0-0: Called Strike 0-1: Called Strike 0-2: Foul Ball, location: 2F 0-2: Foul Ball, location: 2F 0-2: Strikes out swinging
|
|
Batting: RHB Josh Lykins
|
0-0: Ball 1-0: Swinging Strike 1-1: Swinging Strike 1-2: Strikes out swinging
|
| Top of the 4th over - 1 run, 3 hits, 0 errors, 2 left on base; Beloit 1 - Quad Cities 0 |
| BOTTOM OF THE 4TH |
|
Quad Cities River Bandits batting - Pitching for Beloit Snappers : RHP Jon Hollman
|
|
Batting: RHB Sean Mounts
|
0-0: Ball 1-0: Foul Ball, location: 2F 1-1: Called Strike 1-2: Ground out 4-3 (Groundball, 4S, EV 83.8 MPH)
|
|
Batting: LHB Kelvin Jones
|
0-0: Swinging Strike 0-1: Swinging Strike 0-2: Strikes out swinging
|
|
Batting: LHB Danny Wolver
|
0-0: Ball 1-0: Fly out, F7 (Flyball, 78M, EV 90.0 MPH)
|
| Bottom of the 4th over - 0 runs, 0 hits, 0 errors, 0 left on base; Beloit 1 - Quad Cities 0 |
| TOP OF THE 5TH |
|
Beloit Snappers batting - Pitching for Quad Cities River Bandits : RHP Gabe Torres
|
|
Batting: RHB Chris Bohm
|
0-0: Called Strike 0-1: Foul Ball, location: 2F 0-2: Strikes out swinging
|
|
Batting: LHB Jeremy Brammer
|
0-0: Reached on error, E4 (Groundball, 34, EV 108.1 MPH)
|
|
Batting: RHB Shannon Beck
|
0-0: Foul Ball, location: 2F 0-1: Ball 1-1: Ball 2-1: Fielders Choice at 2nd, 6-4 (Groundball, 6, EV 88.1 MPH)
|
|
Batting: LHB Chance Stever
|
0-0: Ball 1-0: Swinging Strike 1-1: Ball 2-1: Ball 3-1: Called Strike 3-2: Strikes out swinging
|
| Top of the 5th over - 0 runs, 0 hits, 1 error, 1 left on base; Beloit 1 - Quad Cities 0 |
| BOTTOM OF THE 5TH |
|
Quad Cities River Bandits batting - Pitching for Beloit Snappers : RHP Jon Hollman
|
|
Batting: LHB Aldo Kok
|
0-0: Ball 1-0: Foul Ball, location: 2F 1-1: Ball 2-1: Ball 3-1: Fly out, F9 (Flyball, 9, EV 86.2 MPH)
|
|
Batting: LHB Daigo Ishii
|
0-0: Called Strike 0-1: Ball 1-1: Hit by Pitch
|
|
Batting: RHB Tim Persson
|
0-0: Grounds into double play, 5-4-3 (Groundball, 15, EV 92.5 MPH)
|
| Bottom of the 5th over - 0 runs, 0 hits, 0 errors, 0 left on base; Beloit 1 - Quad Cities 0 |
| TOP OF THE 6TH |
|
Beloit Snappers batting - Pitching for Quad Cities River Bandits : RHP Gabe Torres
|
|
Batting: LHB Jose Mojica
|
0-0: Ball 1-0: Ball 2-0: Ball 3-0: Base on Balls
|
|
Batting: RHB Don Burt
|
0-0: Ball 1-0: SINGLE (Groundball, 56D, EV 100.6 MPH) Jose Mojica to second Runner from 2nd tries for 3rd, OUT! 7-5 Don Burt to second
|
|
Batting: RHB Jamie Jennings
|
0-0: Ball 1-0: Foul Ball, location: 2F 1-1: Ball Wild Pitch! Don Burt to third 2-1: SINGLE (Groundball, 4MD, EV 103.1 MPH) Don Burt scores
|
|
Batting: RHB Clay Statum
|
0-0: Called Strike 0-1: Foul Ball, location: 2F 0-2: Strikes out looking
|
|
Batting: RHB Josh Lykins
|
0-0: Called Strike 0-1: Swinging Strike 0-2: Ball 1-2: Foul Ball, location: 2F 1-2: Strikes out swinging
|
| Top of the 6th over - 1 run, 2 hits, 0 errors, 1 left on base; Beloit 2 - Quad Cities 0 |
| BOTTOM OF THE 6TH |
|
Quad Cities River Bandits batting - Pitching for Beloit Snappers : RHP Jon Hollman
|
|
Batting: LHB Fernando Gomez
|
0-0: Ball 1-0: SINGLE (Line Drive, 4M, EV 103.8 MPH)
|
|
Batting: RHB Reginald McDougall
|
|
|
Pinch Hitting: LHB Wade Girard
|
0-0: Ball 1-0: Swinging Strike 1-1: Foul Ball, location: 2F 1-2: Strikes out swinging
|
|
Batting: RHB Lee Wright
|
0-0: Called Strike Fernando Gomez is caught stealing 2nd base 2-4 0-1: Swinging Strike 0-2: Strikes out swinging
|
| Bottom of the 6th over - 0 runs, 1 hit, 0 errors, 0 left on base; Beloit 2 - Quad Cities 0 |
| TOP OF THE 7TH |
|
Beloit Snappers batting - Pitching for Quad Cities River Bandits : RHP Gabe Torres
|
|
Now in CF: Wade Girard
|
|
|
Batting: RHB Chris Bohm
|
0-0: Foul Ball, location: 2F 0-1: Foul Ball, location: 2F 0-2: Ball 1-2: DOUBLE (Line Drive, 5D, EV 103.1 MPH)
|
|
Pitching: LHP Glenn Lowther
|
|
|
Batting: LHB Jeremy Brammer
|
0-0: Foul Ball, location: 2F 0-1: Foul Ball, location: 2F 0-2: Ball 1-2: Strikes out swinging
|
|
Batting: RHB Shannon Beck
|
0-0: Intentional Walk
|
|
Batting: LHB Chance Stever
|
0-0: Called Strike 0-1: Swinging Strike 0-2: Ball 1-2: Foul Ball, location: 2F 1-2: Foul Ball, location: 2F 1-2: Ball 2-2: Hit by Pitch Chris Bohm to third Shannon Beck to second
|
|
Batting: LHB Jose Mojica
|
0-0: Foul Ball, location: 2F 0-1: Called Strike 0-2: Ball 1-2: Strikes out swinging
|
|
Batting: RHB Don Burt
|
0-0: Foul Ball, location: 2F 0-1: Ball 1-1: Ball 2-1: Fielders Choice at 2nd, U6 (Groundball, 6M, EV 87.5 MPH)
|
| Top of the 7th over - 0 runs, 1 hit, 0 errors, 3 left on base; Beloit 2 - Quad Cities 0 |
| BOTTOM OF THE 7TH |
|
Quad Cities River Bandits batting - Pitching for Beloit Snappers : RHP Jon Hollman
|
|
Batting: RHB Sean Mounts
|
0-0: Ball 1-0: Ball 2-0: Ball 3-0: Base on Balls
|
|
Batting: LHB Kelvin Jones
|
0-0: Sac Bunt to 3S - play at first, batter OUT! 3-1 Sean Mounts to second
|
|
Batting: LHB Danny Wolver
|
0-0: Ball 1-0: Ground out 4-3 (Groundball, 4M, EV 100.6 MPH) Sean Mounts to third
|
|
Batting: LHB Aldo Kok
|
0-0: SINGLE (Groundball, 4D, EV 95.6 MPH) Sean Mounts scores
|
|
Batting: LHB Daigo Ishii
|
0-0: Foul Ball, location: 2F 0-1: Ball 1-1: Called Strike 1-2: Ball 2-2: Fly out, F7 (Line Drive, 78M, EV 97.5 MPH)
|
| Bottom of the 7th over - 1 run, 1 hit, 0 errors, 1 left on base; Beloit 2 - Quad Cities 1 |
| TOP OF THE 8TH |
|
Beloit Snappers batting - Pitching for Quad Cities River Bandits : LHP Glenn Lowther
|
|
Batting: RHB Jamie Jennings
|
0-0: Ball 1-0: Ground out 4-3 (Groundball, 4, EV 81.9 MPH)
|
|
Batting: RHB Clay Statum
|
0-0: Called Strike 0-1: Ground out 6-3 (Groundball, 6, EV 111.9 MPH)
|
|
Batting: RHB Josh Lykins
|
0-0: Called Strike 0-1: Foul Ball, location: 2F 0-2: Ball 1-2: Ball 2-2: Foul Ball, location: 2F 2-2: SINGLE (Line Drive, 7S, EV 93.1 MPH)
|
|
Batting: RHB Chris Bohm
|
0-0: Called Strike 0-1: Foul Ball, location: 2F 0-2: Ball 1-2: Ball 2-2: Strikes out looking
|
| Top of the 8th over - 0 runs, 1 hit, 0 errors, 1 left on base; Beloit 2 - Quad Cities 1 |
| BOTTOM OF THE 8TH |
|
Quad Cities River Bandits batting - Pitching for Beloit Snappers : RHP Jon Hollman
|
|
Now at 1B: Ivan Barry
|
|
|
Batting: RHB Tim Persson
|
0-0: SINGLE (Line Drive, 8RS, EV 87.5 MPH)
|
|
Batting: LHB Fernando Gomez
|
0-0: Ball 1-0: Called Strike 1-1: Ball Passed Ball! Tim Persson to second 2-1: Called Strike 2-2: Ground out 6-3 (Groundball, 6D, EV 80.6 MPH) Tim Persson to third
|
|
Batting: LHB Wade Girard
|
0-0: Foul Ball, location: 2F 0-1: Ground out 4-3 (Groundball, 4, EV 85.6 MPH)
|
|
Batting: RHB Lee Wright
|
0-0: Ball 1-0: Ball 2-0: Ball 3-0: Called Strike 3-1: Swinging Strike 3-2: Foul Ball, location: 2F 3-2: Strikes out swinging, 2-3 out at first.
|
| Bottom of the 8th over - 0 runs, 1 hit, 0 errors, 1 left on base; Beloit 2 - Quad Cities 1 |
| TOP OF THE 9TH |
|
Beloit Snappers batting - Pitching for Quad Cities River Bandits : LHP Glenn Lowther
|
|
Batting: LHB Jeremy Brammer
|
0-0: Ball 1-0: Foul Ball, location: 2F 1-1: Swinging Strike 1-2: Strikes out swinging
|
|
Batting: RHB Shannon Beck
|
0-0: Swinging Strike 0-1: Ball 1-1: Ball 2-1: Foul Ball, location: 2F 2-2: Strikes out looking
|
|
Batting: LHB Chance Stever
|
0-0: Foul Ball, location: 2F 0-1: Swinging Strike 0-2: Foul Ball, location: 2F 0-2: Ball 1-2: Ground out 6-3 (Groundball, 6S, EV 86.2 MPH)
|
| Top of the 9th over - 0 runs, 0 hits, 0 errors, 0 left on base; Beloit 2 - Quad Cities 1 |
| BOTTOM OF THE 9TH |
|
Quad Cities River Bandits batting - Pitching for Beloit Snappers : RHP Jon Hollman
|
|
Pitching: RHP Tony Contreras
|
|
|
Batting: RHB Sean Mounts
|
0-0: Swinging Strike 0-1: Foul Ball, location: 2F 0-2: Ball 1-2: Ball 2-2: Foul Ball, location: 2F 2-2: Ball 3-2: Ground out 5-3 (Groundball, 5, EV 83.8 MPH)
|
|
Batting: LHB Kelvin Jones
|
0-0: Ball 1-0: Foul Ball, location: 2F 1-1: Ground out 5-3 (Groundball, 5, EV 83.8 MPH)
|
|
Batting: LHB Danny Wolver
|
0-0: Foul Ball, location: 2F 0-1: Ball 1-1: Ball 2-1: Swinging Strike 2-2: Strikes out swinging
|
| Bottom of the 9th over - 0 runs, 0 hits, 0 errors, 0 left on base; Beloit 2 - Quad Cities 1 |
|